 Dungeon Sprint DCSS version 0.30-a0-964-gd452b5e7fa (webtiles) character file.

Game seed: 11379118894088630051

2691 dialectric the Imperceptible (level 9, -11/48 HPs)
             Began as a Spriggan Brigand on Mar 30, 2023.
             Was a Believer of Dithmenos.
             Shot with an arrow by a deep elf master archer (27 damage)
             ... in the Dungeon (Sprint II: "The Violet Keep of Menkaure").
             The game lasted 00:01:48 (238 turns).

dialectric the Imperceptible (Spriggan Brigand)      Turns: 238, Time: 00:01:49

Health: -11/48     AC:  2    Str:  7    XL:     9   Next: 38%
Magic:  9/9        EV: 22    Int: 11    God:    Dithmenos [**....]
Gold:   972        SH:  0    Dex: 20    Spells: 8/8 levels left

rFire   . . .      SeeInvis +    a - +2 dagger
rCold   . . .      Faith    .    (no shield)
rNeg    . . .      Spirit   .    b - +0 robe
rPois   .          Reflect  .    (helmet restricted)
rElec   .          Rampage  .    c - +0 cloak
rCorr   .          NoTele   +    (gloves unavailable)
Will    +....      Rage     9%   (boots unavailable) Stlth **++++++++
                                 (no amulet)
HPRegen 0.28/turn                (no ring)
MPRegen 0.11/turn                (no ring)

@: flying, wreathed by umbra, unable to read, very quick
A: very small, no large weapons, unfitting armour, see invisible, speed 3,
berserk 2, deformed body, deterioration 1, dopey 1, low MP 1, inability to read
after injury 1
a: Renounce Religion, Shadow Step


You were in the Dungeon.
You worshipped Dithmenos.
Dithmenos was pleased with you.
You visited 1 branch You collected 972 gold pieces.

Inventory:

Hand Weapons
 a - a +2 dagger (weapon)
Missiles
 d - 9 poisoned darts
 e - 2 curare-tipped darts (quivered)
Armour
 b - a +0 robe (worn)
 c - a +0 cloak (worn)
Scrolls
 k - a scroll of blinking
Potions
 f - a potion of curing
 h - a potion of haste
 i - 2 potions of magic


   Skills:
 + Level 5.9 Fighting
 + Level 10.5 Short Blades
 - Level 2.9 Throwing
 + Level 7.4 Dodging
 + Level 25.8 Stealth


You had 8 spell levels left.
You didn't know any spells.
Your spell library was empty.

Dungeon Overview and Level Annotations

Branches:
Dungeon (1/1)

Altars:
Cheibriados
Dithmenos
Elyvilon
Fedhas
Gozag
Hepliaklqana
Kikubaaqudgha
Makhleb
Nemelex Xobeh
Okawaru
Qazlal
Ru
Sif Muna
Trog
Uskayaw
Vehumet
Wu Jian
Xom
Yredelemnul
Zin
The Shining One
Jiyva
Lugonu

Shops:
D !:(=?[?*[*!(:=

Annotations:
D exclusion: obsidian statue


Innate Abilities, Weirdness & Mutations

You are very small and have problems with some larger weapons.
You are too small for most types of armour.
You have supernaturally acute eyesight. (SInv)
You cover ground extremely quickly. (Speed+++)
You have an uncontrollable temper.
Armour fits poorly on your strangely shaped body.
Your body sometimes deteriorates upon taking damage.
You are dopey. (Int -2)
Your magical capacity is low. (-10% MP)
You occasionally lose the ability to read scrolls when taking damage.


Message History

You can now step into the shadows of nearby creatures.
Unknown command.
You now have 891 gold pieces (gained 81).
You see here a manticore corpse.
You recover from your berserk rage.
There is an open door, spattered with blood here.
A deep elf master archer comes into view.
Really walk into that net trap? [Y]es or [N]o only, please.
Really walk into that net trap?
You avoid being caught in a net.
There is a net trap here.
You open the door.
A spectral bat and a spectral ball python come into view.
Found 81 gold pieces and a smoky emerald potion.
There is an open door here.
The helpless spectral bat fails to defend itself.
You perforate the spectral bat like a sieve!!!!!
You destroy the spectral bat!
Dithmenos accepts your kill.
The helpless spectral ball python fails to defend itself.
You perforate the spectral ball python like a sieve!!!!!
You destroy the spectral ball python!
Dithmenos accepts your kill.
You now have 972 gold pieces (gained 81).
g - a smoky emerald potion
There is an open door here.
It was a potion of flight.
You feel very buoyant.
You fly up into the air.
Unknown command.
The deep elf master archer shouts!
The deep elf master archer wields a +0 longbow.
The deep elf master archer shoots an arrow.
The arrow hits you!
You feel threatened and lose the ability to read scrolls!
The deep elf master archer shoots an arrow.
The arrow hits you!!
Ouch! That really hurt!
You die...

####+#### ##.......##
.°○....°.##
...8..○..##++##
.○.°...##≈^..### ..°.
#e@.....#
##~~#+++#+++#####.^..#
##~~~..†......#..'^...#
∩#~~~~.##'##..#..####.#
.#~~~~###.###.####.†'.###
.#~~~ #..#..# ...#††#...#
.#~~####.#.### ..#####..#
((:
.#~##.###'###.##..#†.'^^#
▓$![?
.#~#$..##.###..#..#.†#..#
▓$$?!


You could see a deep elf master archer.

Vanquished Creatures
  A boulder beetle (D)
  3 manticores (D)
  3 neqoxecs (D)
  A water moccasin (D)
  3 black bears (D)
  4 scorpions (D)
  A hell rat (D)
  3 worms (D)
  A spectral bat (D)
  A spectral ball python (D)
21 creatures vanquished.

Vanquished Creatures (others)
  A neqoxec (D)
  Menkaure (D)
  A water moccasin (D)
3 creatures vanquished.

Grand Total: 24 creatures vanquished

Notes
Turn   | Place    | Note
-------+----------+-------------------------------------------
     0 | D        | dialectric the Spriggan Brigand began the quest for the
                  | Orb.
     0 | D        | Reached XP level 1. HP: 10/10 MP: 2/2
     1 | D        | Noticed a boulder beetle
     1 | D        | Noticed a boulder beetle
     4 | D        | Noticed a scorpion
     4 | D        | Noticed a scorpion
     4 | D        | Noticed a scorpion
     4 | D        | Noticed a scorpion
     7 | D        | Killed a scorpion
     8 | D        | Reached skill level 11 in Stealth
     8 | D        | Reached XP level 2. HP: 16/16 MP: 3/3
     8 | D        | Reached XP level 3. HP: 19/19 MP: 4/4
    11 | D        | Killed a water moccasin
    12 | D        | Killed a scorpion
    13 | D        | Reached skill level 13 in Stealth
    13 | D        | Reached XP level 4. HP: 23/23 MP: 5/5
    17 | D        | Killed a scorpion
    18 | D        | Reached skill level 15 in Stealth
    18 | D        | Reached XP level 5. HP: 28/28 MP: 6/6
    20 | D        | Reached skill level 16 in Stealth
    22 | D        | Noticed an obsidian statue
    24 | D        | Noticed a water moccasin
    45 | D        | Killed a water moccasin
    46 | D        | Reached skill level 5 in Short Blades
    46 | D        | Reached skill level 18 in Stealth
    46 | D        | Reached XP level 6. HP: 12/33 MP: 7/7
    54 | D        | Noticed a neqoxec
    56 | D        | Gained mutation: You are dopey. (Int -2) [a neqoxec]
    67 | D        | Gained mutation: You sometimes lose your temper in combat.
                  | [a neqoxec]
    74 | D        | Gained mutation: Your magical capacity is low. (-10% MP) [a
                  | neqoxec]
    87 | D        | Gained mutation: You occasionally lose the ability to read
                  | scrolls when taking damage. [a neqoxec]
    90 | D        | Killed a neqoxec
    91 | D        | Reached skill level 19 in Stealth
    92 | D        | Noticed a neqoxec
    93 | D        | Killed a neqoxec
    94 | D        | Reached skill level 20 in Stealth
    94 | D        | Reached XP level 7. HP: 8/37 MP: 7/7
    94 | D        | Noticed a neqoxec
    94 | D        | Noticed a neqoxec
   113 | D        | Found Cutetzei's Book Emporium.
   115 | D        | Found Binuyg's Antique Armour Shoppe.
   115 | D        | Found Huusitinn's Assorted Antiques.
   115 | D        | Found Utoirugg's Magic Scroll Shoppe.
   119 | D        | Found Jam Vol's Magic Scroll Emporium.
   119 | D        | Found Edaseryo's Jewellery Shoppe.
   120 | D        | Found Nuppeta's Distillery.
   120 | D        | Found Uqisch's Weapon Emporium.
   121 | D        | Found Getogrea's Book Shoppe.
   121 | D        | Found Plog's Distillery.
   121 | D        | Found Vuwney's Antique Weapon Shoppe.
   121 | D        | Found Vojeep's Antique Armour Emporium.
   121 | D        | Noticed a shining eye
   122 | D        | Found Cas Vups's Jewellery Shoppe.
   122 | D        | Found Bagymeng's General Store.
   126 | D        | Killed a boulder beetle
   127 | D        | Reached skill level 5 in Fighting
   127 | D        | Reached skill level 5 in Dodging
   127 | D        | Reached skill level 22 in Stealth
   127 | D        | Reached XP level 8. HP: 18/43 MP: 8/8
   135 | D        | Gained mutation: You have an uncontrollable temper. [a
                  | neqoxec]
   168 | D        | Killed Menkaure
   172 | D        | Found a blossoming altar of Fedhas.
   173 | D        | Found a white marble altar of Elyvilon.
   174 | D        | Found a shadowy altar of Dithmenos.
   174 | D        | Found a corrupted altar of Lugonu.
   174 | D        | Found an opulent altar of Gozag.
   174 | D        | Found a burning altar of Makhleb.
   175 | D        | Found a snail-covered altar of Cheibriados.
   175 | D        | Found an ancient bone altar of Kikubaaqudgha.
   175 | D        | Found a bloodstained altar of Trog.
   175 | D        | Gained mutation: Armour fits poorly on your strangely
                  | shaped body. [a neqoxec]
   177 | D        | Found a sparkling altar of Nemelex Xobeh.
   177 | D        | Gained mutation: Your body sometimes deteriorates upon
                  | taking damage. [a neqoxec]
   181 | D        | Found a hide-covered altar of Uskayaw.
   183 | D        | Found a viscous altar of Jiyva.
   183 | D        | Found a shimmering blue altar of Sif Muna.
   184 | D        | Found a hazy altar of Hepliaklqana.
   184 | D        | Found a sacrificial altar of Ru.
   185 | D        | Found a stormy altar of Qazlal.
   185 | D        | Found an ornate altar of the Wu Jian Council.
   185 | D        | Found a shimmering altar of Xom.
   187 | D        | Found a basalt altar of Yredelemnul.
   187 | D        | Found a glowing golden altar of the Shining One.
   188 | D        | Found a radiant altar of Vehumet.
   188 | D        | Found an iron altar of Okawaru.
   188 | D        | Found a glowing silver altar of Zin.
   191 | D        | Became a worshipper of Dithmenos the Shadowed
   203 | D        | Reached skill level 23 in Stealth
   205 | D        | Reached * piety under Dithmenos
   211 | D        | Noticed a manticore
   212 | D        | Noticed a manticore
   212 | D        | Noticed a manticore
   213 | D        | Killed a manticore
   214 | D        | Reached skill level 24 in Stealth
   214 | D        | Reached XP level 9. HP: 22/47 MP: 9/9
   214 | D        | Killed a manticore
   215 | D        | Reached skill level 10 in Short Blades
   215 | D        | Reached skill level 25 in Stealth
   216 | D        | Killed a manticore
   216 | D        | Reached ** piety under Dithmenos
   222 | D        | Noticed a deep elf master archer
   238 | D        | Shot with an arrow by a deep elf master archer

Illustrated notes

Levels and vault maps discovered:
D:        the_violet_keep_of_menkaure [sprint2_stairs_cluster_1,
          sprint2_shoproom, sprint2_temple, sprint2_basic_supplies,
          sprint2_obstacle_7, sprint2_obstacle_2, sprint2_obstacle_3,
          sprint2_obstacle_6, sprint2_obstacle_4, sprint2_timed_cluster_1,
          sprint2_smallroom_cluster_1, sprint2_smallroom_final_cluster_1,
          sprint2_transparent_cluster_1, sprint2_second_timed_cluster_1,
          sprint2_sniper_area_1, sprint2_heavy_combat_area_1,
          sprint2_mutation_trap_area_1, sprint2_forest_area_1,
          sprint2_light_combat_area_1, sprint2_behind_water_1,
          sprint2_near_end_vault_1]

Skill      XL: |  1  2  3  4  5  6  7  8  9 |
---------------+----------------------------+-----
Fighting       | 2 3 4 5 |  5.9
Short Blades   | 3 4 5 6 8 9 10 | 10.5
Stealth        | 11 13 15 18 20 22 24 25 | 25.8
Dodging        | 2 3 4 5 6 7 |  7.4
Throwing       | |  2.9

Action                     |  1- 3 |  4- 6 |  7- 9 || total
---------------------------+-------+-------+-------++-------
  Melee: Dagger            |     3 |    57 |    37 ||    97
         Punch             |       |     2 |       ||     2
  Throw: Dart              |     3 |       |       ||     3
    Use: Potion            |       |     2 |     1 ||     3
   Stab: Sleeping          |     1 |     3 |    12 ||    16
 Armour: Robe              |       |     5 |       ||     5
  Dodge: Dodged            |     4 |    30 |     8 ||    42

Table legend: (Time is in decaauts)
 A = Elapsed time spent in this place.
 B = Non-inter-level travel time spent in this place.
 C = Inter-level travel time spent in this place.
 D = Time resting spent in this place.
 E = Time spent auto-exploring this place.
 F = Levels seen in this place.
 G = Mean time per level.
                   A        B        C        D        E       F      G
               +--------+--------+--------+--------+--------+-----+--------+
         Total |    186 |    186 |      0 |      0 |      0 |   1 |  186.0 |
       Dungeon |    186 |    186 |      0 |      0 |      0 |   1 |  186.0 |
               +--------+--------+--------+--------+--------+-----+--------+

Top non-repeatable levels by time:
       D: 186 daAuts
